 Dungeon Crawl Stone Soup version 0.27-a0-869-g165b36e3f0 (webtiles) character file.

Game seed: 3904162995595905327

255 manyhoops the Ruffian (level 5, -4/41 HPs)
             Began as a Palentonga Transmuter on Apr 2, 2021.
             Was a Follower of Uskayaw.
             Killed from afar by Dowan (6 damage)
             ... with a puff of flame
             ... on level 4 of the Dungeon.
             The game lasted 00:12:51 (5026 turns).

manyhoops the Ruffian (Palentonga Transmuter)       Turns: 5026, Time: 00:12:52

Health: -4/41      AC:  5    Str: 14    XL:     5   Next: 91%
Magic:  8/8        EV: 10    Int: 14    God:    Uskayaw [*.....]
Gold:   152        SH:  0    Dex: 16    Spells: 5/8 levels left

rFire    . . .     SeeInvis +     - Unarmed
rCold    . . .     Faith    .   (no shield)
rNeg     . . .     Spirit   .   a - +1 robe
rPois    .         Reflect  .   (no helmet)
rElec    .         Harm     .   (no cloak)
rCorr    .         Rampage  .   (no gloves)
Will     .....                  (no barding)
Stlth    +.........             (no amulet)
HPRegen  0.13/turn              l - +6 ring of dexterity
MPRegen  0.11/turn              (no ring)

@: hasted, very quick
A: large, rugged brown scales 3, see invisible, deformed body, roll 1, armoured
tail
a: Rolling Charge, Renounce Religion, Stomp


You were on level 4 of the Dungeon.
You worshipped Uskayaw.
Uskayaw was noncommittal.
You visited 1 branch of the dungeon, and saw 5 of its levels.

You collected 152 gold pieces.

Inventory:

Missiles
 j - 6 boomerangs
Armour
 a - a +1 robe (worn)
Jewellery
 l - a +6 ring of dexterity (left hand)
Wands
 e - a wand of random effects (5)
Scrolls
 b - a scroll of summoning {unknown}
 g - a scroll of enchant weapon
 h - a scroll of identify {unknown}
 k - a scroll of magic mapping {unknown}
Potions
 c - a potion of flight {unknown}
 f - a potion of attraction {unknown}
 i - a potion of haste


   Skills:
 + Level 2.3 Fighting
 - Level 1.5 Dodging
 + Level 6.2 Unarmed Combat
 - Level 2.0 Spellcasting
 - Level 2.0 Transmutations


You had 5 spell levels left.
You knew the following spells:

 Your Spells              Type           Power      Damage    Failure   Level
a - Beastly Appendage     Tmut           14%        N/A       11%         1
b - Wereblood             Tmut           7%         N/A       16%         2

Your spell library contained the following spells:

 Spells                   Type           Power      Damage    Failure   Level
 Spider Form              Tmut/Pois      2%         N/A       43%         3
 Ice Form                 Ice/Tmut       4%         N/A       83%         4
 Hydra Form               Tmut           3%         N/A       96%         5


Dungeon Overview and Level Annotations

Branches:
Dungeon (5/15)
 Temple: D:4-7

Altars:
Qazlal
Uskayaw

Annotations:
D:4 Dowan, Duvessa


Innate Abilities, Weirdness & Mutations

You are completely covered in rugged brown scales. (AC +3, +7% HP)
You have supernaturally acute eyesight. (SInv)
Armour fits poorly on your strangely shaped body.
You can roll at nearby foes to attack.
You have a long armoured tail.


Message History

Aim: a quokka (wandering, hasn't noticed you)
You roll forward with a clatter of scales!
You punch the quokka!
You kill the quokka!
Found a stone staircase leading down.
Found a stone staircase leading up.
There is a stone staircase leading up here.
Found 9 gold pieces.
Found a stormy altar of Qazlal.
You now have 152 gold pieces (gained 9).
There is a stone staircase leading up here.
Dowan shouts!
Dowan zaps a wand.
The puff of flame hits you!
Dowan mumbles some strange words.
Dowan blinks!
Duvessa shouts!
Dowan hits you with a +0 dagger.
There is a stone staircase leading down here.
Dowan hits you with a +0 dagger. Duvessa hits you with a +0 short sword!
You climb downwards.
A black bear comes into view.
There is a stone staircase leading up here.
Unknown command.
Okay, then.
The black bear growls angrily.
Dowan hits you but does no damage. Duvessa completely misses you.
You climb upwards.
There is a stone staircase leading down here.
As you read the scroll labelled WIESIO TIAF, it crumbles to dust.
It is a scroll of enchant weapon.
You aren't carrying any weapons that can be enchanted.
Dowan zaps a wand.
The puff of flame hits you!
* * * LOW HITPOINT WARNING * * *
Duvessa hits you with a +0 short sword!
* * * LOW HITPOINT WARNING * * *
Unknown command.
Okay, then.
It was a potion of haste.
You feel yourself speed up.
Dowan zaps a wand.
The puff of flame hits you.
You die...

................##
#######..##
....#########..## ### ....#
..... #.##### ....#......
#.....#### ....#......
#........### ....^..._..
#..........## ....#......
#...........# ....#......
#...e.......# #...# .....
#...@......##
#...#########....e.....#
..#....................#
.......#####...........#
.........####........###
..............÷....### #.
................#### ##...
...........###...#####....#
............ ####†#......##


You could see Duvessa and Dowan.

Vanquished Creatures
  A hound (D:3)
  An iguana (D:4)
  An orc wizard (D:4)
  Ijyb (D:3)
  3 gnolls (D:2)
  4 adders
  5 worms
  3 orcs (D:4)
  5 bats
  4 endoplasms
  5 giant cockroaches
  3 goblins
  6 hobgoblins
  8 jackals
  7 kobolds
  3 quokkas
  5 ball pythons
  3 frilled lizards
  7 rats
75 creatures vanquished.

Vanquished Creatures (others)
  2 plants (D:4)
2 creatures vanquished.

Grand Total: 77 creatures vanquished

Notes
Turn   | Place    | Note
-------+----------+-------------------------------------------
     0 | D:1      | manyhoops the Palentonga Transmuter began the quest for the
                  | Orb.
     0 | D:1      | Reached XP level 1. HP: 16/16 MP: 3/3
   373 | D:1      | Reached XP level 2. HP: 21/22 MP: 5/5
   411 | D:1      | Found a faded altar of an unknown god.
   434 | D:1      | Became a worshipper of Uskayaw the Reveller
   434 | D:1      | Reached * piety under Uskayaw
   653 | D:1      | Reached ** piety under Uskayaw
  1259 | D:2      | Reached skill level 4 in Unarmed Combat
  1637 | D:2      | Noticed a black bear
  1670 | D:1      | Reached XP level 3. HP: 18/27 MP: 6/6
  1997 | D:2      | Reached *** piety under Uskayaw
  2006 | D:2      | Reached **** piety under Uskayaw
  2238 | D:2      | Learned a level 2 spell: Wereblood
  2567 | D:2      | Reached XP level 4. HP: 20/34 MP: 3/7
  2737 | D:2      | Reached skill level 5 in Unarmed Combat
  3542 | D:3      | Noticed Ijyb
  3562 | D:3      | Killed Ijyb
  3740 | D:3      | Reached XP level 5. HP: 35/40 MP: 4/8
  3782 | D:3      | Found a hide-covered altar of Uskayaw.
  4236 | D:4      | Reached skill level 6 in Unarmed Combat
  4782 | D:4      | Noticed Duvessa
  4783 | D:4      | Noticed Dowan
  4851 | D:4      | Found a stormy altar of Qazlal.
  5022 | D:5      | Entered Level 5 of the Dungeon
  5022 | D:5      | Noticed a black bear
  5025 | D:4      | HP: 2/41 [Duvessa/+0 short sword (8)]
  5026 | D:4      | Killed from afar by Dowan

Illustrated notes

Levels and vault maps discovered:
D:1:      dpeg_arrival_arbitrary_b, layout_loops_corners,
          ebering_ecumenical_altar_box
D:2:      layout_rooms, chequers_garden
D:3:      layout_basic, nicolae_uskayaw_murder_on_the_dancefloor,
          grunt_decor_one_mirror, uniq_ijyb
D:4:      layout_cave_pods, lemuel_tele_altar, marbit_many_paths,
          corexii_checkpoint_a, serial_bayou_pond_b, uniq_duvessa
D:5:      layout_basic, temple_green

Skill      XL: |  1  2  3  4  5 |
---------------+----------------+-----
Unarmed Combat | 4 5 6 |  6.2
Fighting       | 2 |  2.3
Dodging        | |  1.5
Spellcasting   | |  2.0
Transmutations | |  2.0

Action                   |  1- 3 |  4- 6 || total
-------------------------+-------+-------++-------
Melee: Unarmed           |   114 |   111 ||   225
       Tailslap          |     9 |    13 ||    22
       Punch             |     1 |     2 ||     3
       Kick              |       |     7 ||     7
       Headbutt          |       |     2 ||     2
 Cast: Beastly Appendage |     3 |     8 ||    11
       Wereblood         |       |     1 ||     1
Invok: Stomp             |     6 |     8 ||    14
 Abil: Rolling Charge    |    12 |    11 ||    23
  Use: Scroll            |     2 |     2 ||     4
       Potion            |     1 |     1 ||     2
 Stab: Paralysed         |     1 |       ||     1
Armor: Robe              |    32 |    50 ||    82
       Skin              |     3 |       ||     3
Dodge: Dodged            |    50 |    58 ||   108

Table legend: (Time is in decaauts)
 A = Elapsed time spent in this place.
 B = Non-inter-level travel time spent in this place.
 C = Inter-level travel time spent in this place.
 D = Time resting spent in this place.
 E = Time spent auto-exploring this place.
 F = Levels seen in this place.
 G = Mean time per level.
                   A        B        C        D        E       F      G
               +--------+--------+--------+--------+--------+-----+--------+
         Total |   5013 |   4873 |    140 |   1467 |   2467 |   5 | 1002.6 |
       Dungeon |   5013 |   4873 |    140 |   1467 |   2467 |   5 | 1002.6 |
               +--------+--------+--------+--------+--------+-----+--------+

Top non-repeatable levels by time:
     D:1: 2254 daAuts
     D:2: 1282 daAuts
     D:4: 818 daAuts
     D:3: 656 daAuts
     D:5: 1 daAuts
